 Dungeon Crawl Stone Soup version 0.29-a0-559-g359e09b9d1 (webtiles) character file.

Game seed: 2864214385184956197

9355 bande the Cleaver (level 11, -13/68 HPs)
             Began as a Gargoyle Fighter on June 10, 2022.
             Was an Elder of Okawaru.
             Mangled by a boulder beetle (32 damage)
             ... on level 1 of the Lair of Beasts.
             The game lasted 00:20:36 (13830 turns).

bande the Cleaver (Gargoyle Fighter)               Turns: 13830, Time: 00:20:36

Health: -13/68     AC: 21    Str: 35    XL:     11   Next: 45%
Magic:  15/15      EV: 10    Int:  8    God:    Okawaru [****..]
Gold:   943        SH: 16    Dex: 13    Spells: 10/10 levels left

rFire   . . .      SeeInvis .   a - +1 war axe
rCold   . . .      Faith    .   w - +0 kite shield
rNeg    + + +      Spirit   .   m - +0 steam dragon scales
rPois   ∞          Reflect  +   i - +1 helmet
rElec   +          Harm     .   p - +0 cloak
rCorr   .          Rampage  .   o - +0 pair of gloves
Will    .....                   e - +1 pair of boots
Stlth   +.........              d - amulet "Gegrod" {Reflect rN+ Str+8 SH+5}
HPRegen 0.21/turn               l - +6 ring of strength
MPRegen 0.14/turn               k - ring of positive energy

@: no status effects
A: sickness immunity, AC +8, negative energy resistance 1, electricity
resistance, torment resistance 1, petrification resistance
a: Renounce Religion, Heroism, Finesse


You were on level 1 of the Lair of Beasts.
You worshipped Okawaru.
Okawaru was greatly pleased with you.
You visited 3 branches of the dungeon, and saw 12 of its levels.

You collected 943 gold pieces.

Inventory:

Hand Weapons
 a - a +1 war axe (weapon)
 b - a +0 war axe
 D - a +8 flail
Armour
 e - a +1 pair of boots (worn)
 f - a +0 scale mail of cold resistance
 i - a +1 helmet (worn)
 m - +0 steam dragon scales (worn)
 o - a +0 pair of gloves (worn)
 p - a +0 cloak (worn)
 u - a +2 ring mail of fire resistance
 w - a +0 kite shield (worn)
Jewellery
 d - the amulet "Gegrod" (around neck) {Reflect rN+ Str+8 SH+5}
   (You acquired it on level 4 of the Dungeon)

   [amulet of reflection]

   It reflects blocked missile attacks.
   Str:       It affects your strength (+8).
   rN:        It protects you from negative energy.
   SH:        It affects your SH (+5).
 k - a ring of positive energy (right hand)
 l - a +6 ring of strength (left hand)
Wands
 c - a wand of paralysis (16)
 v - a wand of polymorph (7)
 y - a wand of digging (4)
 F - a wand of iceblast (4)
 H - a wand of flame (9)
Scrolls
 n - a scroll of blinking
 q - 3 scrolls of teleportation
 t - a scroll of fear
 x - a scroll of fog
 A - a scroll of enchant weapon
 C - a scroll of enchant armour
Potions
 g - a potion of berserk rage {unknown}
 h - 7 potions of curing
 j - 2 potions of heal wounds {unknown}
 r - a potion of flight {unknown}
 s - a potion of resistance {unknown}
 z - a potion of brilliance {unknown}
 B - 2 potions of might
 E - 2 potions of invisibility {unknown}
 G - a potion of cancellation {unknown}
 I - a potion of magic {unknown}


   Skills:
 + Level 8.1 Fighting
 + Level 11.1 Axes
 + Level 5.7 Armour
 - Level 0.5 Dodging
 + Level 9.0 Shields
 * Level 6.2 Invocations
 * Level 3.0 Evocations


You had 10 spell levels left.
You didn't know any spells.
Your spell library contained the following spells:

 Spells                   Type           Power      Damage    Failure   Level
 Shock                    Conj/Air       0%         1d3       71%         1
 Gell's Gravitas          Tloc           0%         N/A       97%         3
 Portal Projectile        Hex/Tloc       0%         N/A       97%         3
 Swiftness                Air            0%         N/A       97%         3
 Teleport Other           Tloc           0%         N/A       97%         3
 Airstrike                Air            0%         N/A       100%        4
 Fulminant Prism          Conj/Hex       0%         3d6       100%        4
 Iskenderun's Mystic Bla  Conj/Tloc      0%         2d3       100%        4
 Blade Hands              Tmut           0%         N/A       100%        5
 Lee's Rapid Deconstruct  Erth           0%         3d5*      100%        5
 Dispersal                Tloc           0%         N/A       100%        6
 Tukima's Dance           Hex            Unusable   N/A       N/A         3

Dungeon Overview and Level Annotations

Branches:
Dungeon (10/15)            Temple (1/1) D:5            Lair (1/6) D:10
    Orc: D:9-12

Altars:
Ashenzari
Cheibriados
Kikubaaqudgha
Nemelex Xobeh
Okawaru
Sif Muna
Trog
Vehumet
Xom
The Shining One

Shops:
D:4 *


Innate Abilities, Weirdness & Mutations

You are immune to sickness and miasma.
Your stone body is resilient. (AC +8)
You are immune to poison.
You resist negative energy. (rN+)
You are resistant to electric shocks. (rElec)
You are resistant to unholy torment.
You are immune to petrification.


Message History

The boulder beetle is heavily wounded.
You block the boulder beetle's attack.
You barely miss the boulder beetle.
The boulder beetle is heavily wounded.
You block the boulder beetle's attack.
You hit the boulder beetle.
The boulder beetle is heavily wounded.
You block the boulder beetle's attack.
You hit the boulder beetle but do no damage.
The boulder beetle is heavily wounded.
The boulder beetle barely misses you.
You slash the boulder beetle!
The boulder beetle is heavily wounded.
You block the boulder beetle's attack.
You hit the boulder beetle but do no damage.
The boulder beetle is heavily wounded.
You block the boulder beetle's attack.
You hit the boulder beetle but do no damage.
The boulder beetle is heavily wounded.
The boulder beetle bites you but does no damage.
You slash the boulder beetle!
The boulder beetle is severely wounded.
The boulder beetle bites you but does no damage.
You hit the boulder beetle.
The boulder beetle is severely wounded.
The boulder beetle bites you but does no damage.
You hit the boulder beetle but do no damage.
The boulder beetle is severely wounded.
You block the boulder beetle's attack.
You hit the boulder beetle.
The boulder beetle is almost dead.
You block the boulder beetle's attack. x2
You hit the boulder beetle.
The boulder beetle is almost dead.
The boulder beetle leaps!
The boulder beetle leaps!
The boulder beetle curls into a ball and begins rolling!
Found a scroll of fear.
The boulder beetle hits you!!
You die...

...##....## .).......P#
.........## .........#
##
.........############.P#
...........#..#.(....P.P
........................
........?...............
...............@.......
...............$B......
.................○°....
#....................?.
#..........$......#....
#.......#.......!......
.......##..........###
......# #.........##
...... #.$...


You could see a boulder beetle (rolling).

Vanquished Creatures
  A boulder beetle (D:10)
  2 two-headed ogres (D:10)
  Pikel (D:5)
  An unseen horror (D:10)
  A hornet (D:9)
  Sigmund (D:3)
  2 shadows (D:9)
  2 wraiths (D:9)
  9 yaks (Lair:1)
  2 steam dragons
  An acid dragon (D:9)
  3 water moccasins
  2 ice beasts
  4 orc warriors
  A sky beast (D:8)
  A black bear (D:3)
  3 centaurs
  2 kobold brigands
  2 bullfrogs
  A necrophage (D:5)
  3 gnoll sergeants
  3 scorpions
  14 wights
  9 killer bees
  5 howler monkeys
  2 hounds
  5 orc priests
  2 gnoll shamans
  3 iguanas
  8 orc wizards
  22 gnolls
  6 adders (D:3)
  2 shadow imps
  A white imp (D:5)
  A worm (D:2)
  2 dart slugs (D:2)
  36 orcs
  10 bats
  7 endoplasms
  5 giant cockroaches
  14 goblins
  11 hobgoblins
  6 jackals
  5 quokkas
  10 ball pythons
  5 frilled lizards
  22 kobolds
  2 rats
  A butterfly (Lair:1)
264 creatures vanquished.

Vanquished Creatures (others)
  A fungus (Lair:1)
  7 plants
8 creatures vanquished.

Grand Total: 272 creatures vanquished

Notes
Turn   | Place    | Note
-------+----------+-------------------------------------------
     0 | D:1      | bande the Gargoyle Fighter began the quest for the Orb.
     0 | D:1      | Reached XP level 1. HP: 14/14 MP: 1/1
   459 | D:1      | Reached XP level 2. HP: 18/19 MP: 2/2
   466 | D:1      | Reached skill level 2 in Axes
   548 | D:1      | Found a faded altar of an unknown god.
   638 | D:1      | Reached XP level 3. HP: 20/24 MP: 3/3
  1497 | D:2      | Reached skill level 3 in Axes
  1497 | D:2      | Reached XP level 4. HP: 24/29 MP: 4/4
  1822 | D:2      | Reached XP level 5. HP: 33/33 MP: 5/5
  1959 | D:2      | Found a sparkling altar of Nemelex Xobeh.
  2539 | D:3      | Noticed Sigmund
  2560 | D:3      | Killed Sigmund
  2561 | D:3      | Reached skill level 4 in Axes
  2561 | D:3      | Reached XP level 6. HP: 14/39 MP: 6/6
  3287 | D:4      | Noticed a black bear
  3430 | D:3      | Reached skill level 5 in Axes
  3529 | D:3      | Reached XP level 7. HP: 34/44 MP: 7/7
  4291 | D:4      | Found Zeitug's Assorted Antiques.
  4352 | D:4      | Reached skill level 5 in Fighting
  4352 | D:4      | Identified a scroll of acquirement
  4352 | D:4      | Acquired the amulet "Gegrod" {Reflect rN+ Str+8 SH+5}
  4636 | D:4      | Noticed a steam dragon
  4645 | D:4      | Killed a steam dragon
  4646 | D:4      | Reached skill level 5 in Armour
  4862 | D:5      | Entered Level 5 of the Dungeon
  4876 | D:5      | Reached skill level 6 in Axes
  4893 | D:5      | Reached XP level 8. HP: 49/49 MP: 8/8
  5056 | D:5      | Noticed Pikel
  5074 | D:5      | Killed Pikel
  5075 | D:5      | Reached skill level 7 in Axes
  5789 | D:5      | Reached skill level 5 in Shields
  5793 | D:5      | Reached XP level 9. HP: 22/55 MP: 9/9
  6243 | D:5      | Found a staircase to the Ecumenical Temple.
  6255 | Temple   | Entered the Ecumenical Temple
  6268 | Temple   | Became a worshipper of Warmaster Okawaru
  6637 | D:6      | Reached skill level 8 in Axes
  6640 | D:6      | Reached skill level 1 in Invocations
  7089 | D:6      | Found a sparkling altar of Nemelex Xobeh.
  7660 | D:6      | Reached * piety under Okawaru
  8070 | D:7      | Found a snail-covered altar of Cheibriados.
  8070 | D:7      | Found a shimmering blue altar of Sif Muna.
  8278 | D:7      | Reached skill level 9 in Axes
  8776 | D:8      | Reached XP level 10. HP: 61/61 MP: 12/12
  9134 | D:8      | Found a flagged portal.
  9453 | D:8      | Reached ** piety under Okawaru
 11084 | D:9      | Reached skill level 10 in Axes
 11569 | D:9      | Reached *** piety under Okawaru
 11589 | D:9      | Found a bloodstained altar of Trog.
 11852 | D:9      | Reached skill level 5 in Invocations
 11995 | D:9      | Reached skill level 1 in Evocations
 12230 | D:10     | Entered Level 10 of the Dungeon
 12266 | D:10     | Noticed a boulder beetle
 12546 | D:10     | Killed a boulder beetle
 12547 | D:10     | Reached XP level 11. HP: 58/68 MP: 13/15
 12595 | D:10     | Noticed a two-headed ogre
 12606 | D:10     | Killed a two-headed ogre
 12818 | D:10     | Found a staircase to the Lair.
 12895 | D:10     | Received a gift from Okawaru
 13222 | D:10     | Noticed a two-headed ogre
 13234 | D:10     | Killed a two-headed ogre
 13234 | D:10     | Reached **** piety under Okawaru
 13574 | Lair:1   | Entered Level 1 of the Lair of Beasts
 13679 | Lair:1   | Reached skill level 11 in Axes
 13792 | Lair:1   | Noticed a boulder beetle
 13830 | Lair:1   | Mangled by a boulder beetle

Illustrated notes

Levels and vault maps discovered:
D:1:      mrwooster_arrival_statue, layout_basic, basic_ecumenical_altar,
          kennysheep_small_spiral
D:2:      layout_basic, basic_altar
D:3:      layout_rooms, kennysheep_minor_cross, minmay_puff, uniq_sigmund
D:4:      layout_cave_pools, serial_shops, shop, serial_forest,
          infiniplex_forest_end_1, infiniplex_forest_end_1,
          infiniplex_forest_clump_diagonal, infiniplex_forest_end_3,
          infiniplex_forest_straight_1, infiniplex_forest_lined_3,
          infiniplex_forest_straight_3, st_stairs_9,
          hangedman_abyss_or_decor_lesser_grid
D:5:      layout_loops_ring, minmay_temple_entry_nine_rooms,
          minmay_misc_feat_ornament, kennysheep_generic_room_8, uniq_pikel
D:6:      layout_gridville, nemelex_spade_bored_becter,
          kennysheep_decorative_pillar
D:7:      layout_rooms, mainiacjoe_overflow_large_starburst, lemuel_old_faithful
D:8:      minmay_goldmine, layout_layer_cave, lightli_bailey_entry_fortress,
          abandoned_shop, hangedman_decor_growths
D:9:      layout_stronghold, mainiacjoe_overflow_alcove_4,
          serial_co_window_serial, co_window_of_opportunity_a,
          co_window_paths_b, co_window_paths_a, co_window_of_opportunity_a,
          co_window_paths_b, co_window_of_opportunity_a, co_window_broadway_a,
          co_window_of_opportunity_b, co_window_broadway_a, glass_columns_b,
          glass_columns_a
D:10:     layout_cave_pools, lair_entry_dummy
Temple:   mainiacjoe_temple_coin_purse
Lair:1:   layout_hall_layers, serial_bayou_shore_a, serial_bayou_shore_b,
          lemuel_fruit_fields

Skill      XL: |  1  2  3  4  5  6  7  8  9 10 11 |
---------------+----------------------------------+-----
Axes           | 2 3 4 5 6 7 9 10 11 | 11.1
Fighting       | 4 5 6 7 8 |  8.1
Armour         | 4 5 |  5.7
Shields        | 4 5 6 8 9 |  9.0
Invocations    | 3 5 6 |  6.2
Evocations     | 1 3 |  3.0
Dodging        | |  0.5

Action                   |  1- 3 |  4- 6 |  7- 9 | 10-12 || total
-------------------------+-------+-------+-------+-------++-------
Melee: War axe           |   102 |   169 |   271 |   315 ||   857
  Use: Scroll            |     5 |     3 |     7 |     2 ||    17
       Potion            |       |     1 |       |       ||     1
Armor: Scale mail        |   105 |    18 |       |       ||   123
       Chain mail        |       |   119 |    59 |       ||   178
       Steam dragon scal |       |       |    87 |   116 ||   203
       Skin              |       |       |     3 |       ||     3
Dodge: Dodged            |    82 |    63 |   115 |    74 ||   334
Block: Buckler           |    37 |    53 |    72 |       ||   162
       Kite shield       |       |       |    89 |   238 ||   327
       Reflection        |       |       |     5 |     5 ||    10

Table legend: (Time is in decaauts)
 A = Elapsed time spent in this place.
 B = Non-inter-level travel time spent in this place.
 C = Inter-level travel time spent in this place.
 D = Time resting spent in this place.
 E = Time spent auto-exploring this place.
 F = Levels seen in this place.
 G = Mean time per level.
                   A        B        C        D        E       F      G
               +--------+--------+--------+--------+--------+-----+--------+
         Total |  14041 |  13836 |    205 |   4333 |   6943 |  12 | 1170.1 |
       Dungeon |  13751 |  13546 |    205 |   4333 |   6800 |  10 | 1375.1 |
        Temple |     26 |     26 |      0 |      0 |      3 |   1 |   26.0 |
          Lair |    263 |    263 |      0 |      0 |    140 |   1 |  263.0 |
               +--------+--------+--------+--------+--------+-----+--------+

Top non-repeatable levels by time:
     D:9: 1934 daAuts
     D:8: 1874 daAuts
     D:3: 1847 daAuts
     D:5: 1676 daAuts
     D:1: 1403 daAuts
     D:6: 1176 daAuts
    D:10: 1092 daAuts
     D:7: 1012 daAuts
     D:2: 881 daAuts
     D:4: 851 daAuts
  Lair:1: 263 daAuts
  Temple: 26 daAuts
